 Dungeon Crawl Stone Soup version 0.27-a0-1256-gced786f65e (webtiles) character file.

Game seed: 13686071461890288740

137 mordus the Ruffian (level 5, -7/50 HPs)
             Began as a Troll Monk on June 10, 2021.
             Mangled by Sigmund
             ... wielding a +0 scythe
              (12 damage)
             ... on level 3 of the Dungeon.
             The game lasted 00:05:23 (2206 turns).

mordus the Ruffian (Troll Monk)                     Turns: 2206, Time: 00:05:24

Health: -7/50      AC:  4    Str: 20    XL:     5   Next: 0%
Magic:  4/4        EV: 10    Int:  6    God:
Gold:   163        SH:  0    Dex: 12    Spells: 4/4 levels left

rFire    . . .     SeeInvis .     - Unarmed
rCold    . . .     Faith    .   (no shield)
rNeg     . . .     Spirit   .   a - +0 robe
rPois    .         Reflect  .   (helmet restricted)
rElec    .         Harm     .   (no cloak)
rCorr    .         Rampage  .   (gloves unavailable)
Will     .....                  (boots unavailable)
Stlth    ++........             (no amulet)
HPRegen  1.16/turn              (no ring)
MPRegen  0.09/turn              (no ring)

@: no status effects
A: large, unfitting armour, claws 3, regeneration 1, shaggy fur 1, tough skin 1
a: no special abilities


You were on level 3 of the Dungeon.
You visited 1 branch of the dungeon, and saw 3 of its levels.

You collected 163 gold pieces.

Inventory:

Hand Weapons
 o - a +1 mace of protection
Armour
 a - a +0 robe (worn)
Scrolls
 c - a scroll of enchant weapon {unknown}
 d - 2 scrolls of amnesia {unknown}
 e - a scroll of noise {unknown}
 f - a scroll of torment {unknown}
 h - 2 scrolls of identify {unknown}
 j - a scroll of magic mapping {unknown}
 k - a scroll of enchant armour {unknown}
 l - 2 scrolls of teleportation {unknown}
 m - 2 scrolls of vulnerability {unknown}
Potions
 b - a potion of attraction {unknown}
 g - a potion of cancellation {unknown}
 i - a potion of degeneration {unknown}
 n - a potion of lignification {unknown}
 p - a potion of flight {unknown}


   Skills:
 - Level 2.4 Fighting
 + Level 1.9 Maces & Flails
 - Level 2.4 Dodging
 - Level 1.0 Stealth
 * Level 5.1 Unarmed Combat


You had 4 spell levels left.
You didn't know any spells.
Your spell library contained the following spells:

 Spells                   Type           Power      Damage    Failure   Level
 Magic Dart               Conj           0%         1d3       45%         1
 Blink                    Tloc           N/A        N/A       58%         2
 Call Imp                 Summ           0%         N/A       58%         2
 Slow                     Hex            0%         N/A       58%         2
 Conjure Flame            Conj/Fire      0%         6-21      83%         3
 Mephitic Cloud           Conj/Pois/Air  0%         N/A       83%         3


Dungeon Overview and Level Annotations

Branches:
Dungeon (3/15)

Altars:

Annotations:
D:3 Sigmund


Innate Abilities, Weirdness & Mutations

You are too large for most types of armour.
You have claws for hands.
Your natural rate of healing is unusually fast.
You are covered in fur. (AC +1)
You have tough skin. (AC +1)


Message History

The ball python bites you but does no damage.
You scratch the ball python but do no damage.
You claw the ball python.
You kill the ball python!
No target in view!
No target in view!
Sigmund the Dreaded comes into view.
He is wielding a +0 scythe.
Sigmund shouts!
You see here a ball python corpse.
Sigmund hits you from afar with a +0 scythe.
Sigmund gestures at you while chanting. The puff of flame hits you!
Found a stone staircase leading down.
Sigmund is nearby!
You scratch Sigmund.
Sigmund is lightly wounded.
Sigmund breathes a few words.
Sigmund's hands start flickering wildly.
Sigmund hits you with a +0 scythe.
Sigmund is nearby!
You claw Sigmund!
Sigmund is heavily wounded.
Sigmund is nearby!
You closely miss Sigmund. Your claw misses Sigmund.
Sigmund is heavily wounded.
Sigmund gestures wildly while chanting.
Sigmund flickers and vanishes!
Deactivating autopickup; reactivate with Ctrl-A.
You claw something! Something hits you!
You miss something. Something hits you!
You closely miss something. Something hits you but does no damage.
You miss something.
You hear some strange, mumbled words.
A magic dart appears from out of thin air!
The magic dart hits you.
* * * LOW HITPOINT WARNING * * *
You scratch something. You claw something. Something hits you!
* * * LOW HITPOINT WARNING * * *
You miss something. Something hits you!
You die...

♣≈≈≈.....).#
#
♣≈≈≈....##.#
#
♣≈PP....##.#
#
#P♣≈≈...##.#
#
##♣♣♣#####.#
#
#....########
#
#..†.........
#
#..##########
# #.@# # #.{#
#..# #..#
#..# ### #..#
... #... ###
##.>


There were no monsters in sight!

Vanquished Creatures
  An orc priest (D:3)
  An orc wizard (D:2)
  An adder (D:2)
  A worm (D:2)
  2 dart slugs
  4 orcs
  4 ball pythons
  6 endoplasms
  3 giant cockroaches (D:2)
  2 goblins
  5 hobgoblins
  7 jackals
  4 quokkas
  5 bats
  3 frilled lizards
  5 kobolds
  5 rats
59 creatures vanquished.

Vanquished Creatures (others)
  2 plants (D:3)
2 creatures vanquished.

Grand Total: 61 creatures vanquished

Notes
Turn   | Place    | Note
-------+----------+-------------------------------------------
     0 | D:1      | mordus the Troll Monk began the quest for the Orb.
     0 | D:1      | Reached XP level 1. HP: 22/22 MP: 0/0
   387 | D:1      | Reached XP level 2. HP: 29/29 MP: 1/1
   872 | D:2      | Reached skill level 4 in Unarmed Combat
   894 | D:2      | Reached XP level 3. HP: 36/36 MP: 2/2
  1093 | D:2      | Reached skill level 1 in Maces & Flails
  1169 | D:2      | Found a faded altar of an unknown god.
  1211 | D:2      | Reached XP level 4. HP: 32/44 MP: 3/3
  1855 | D:3      | Reached skill level 5 in Unarmed Combat
  2173 | D:3      | Reached XP level 5. HP: 50/50 MP: 4/4
  2195 | D:3      | Noticed Sigmund
  2206 | D:3      | Mangled by Sigmund

Illustrated notes

Levels and vault maps discovered:
D:1:      ebering_trefoil_3fold, layout_basic, chequers_serial_rivers_marsh
D:2:      layout_loops_ring, shapermc_ecumenical_altar_flowoftime,
          grunt_ministairs_9, hangedman_abyss_or_decor_lesser_grid,
          minmay_statues_item
D:3:      layout_loops_ring, serial_bayou, serial_bayou_pond_e,
          serial_bayou_shore_b, serial_bayou_pond_d, serial_bayou_crossing,
          serial_bayou_shore_b, serial_bayou_lake_a, uniq_sigmund

Skill      XL: |  1  2  3  4 |
---------------+-------------+-----
Unarmed Combat | 4 5 |  5.1
Maces & Flails | 1 |  1.9
Fighting       | |  2.4
Dodging        | |  2.4
Stealth        | |  1.0

Action                   |  1- 3 |  4- 6 || total
-------------------------+-------+-------++-------
Melee: Unarmed           |    92 |    44 ||   136
       Punch             |     1 |     2 ||     3
 Stab: Sleeping          |     9 |     2 ||    11
Armor: Robe              |    25 |    10 ||    35
Dodge: Dodged            |    49 |     8 ||    57

Table legend: (Time is in decaauts)
 A = Elapsed time spent in this place.
 B = Non-inter-level travel time spent in this place.
 C = Inter-level travel time spent in this place.
 D = Time resting spent in this place.
 E = Time spent auto-exploring this place.
 F = Levels seen in this place.
 G = Mean time per level.
                   A        B        C        D        E       F      G
               +--------+--------+--------+--------+--------+-----+--------+
         Total |   2239 |   2173 |     66 |      0 |   1832 |   3 |  746.3 |
       Dungeon |   2239 |   2173 |     66 |      0 |   1832 |   3 |  746.3 |
               +--------+--------+--------+--------+--------+-----+--------+

Top non-repeatable levels by time:
     D:1: 867 daAuts
     D:2: 840 daAuts
     D:3: 531 daAuts
